TOP OF THE 1ST |
---|
Beaverton Bronze Souls batting - Pitching for Montgomery Grey Sox : RHP Cody Nichols | Pitching: RHP Cody Nichols | | Batting: RHB Cameron Irwin | 0-0: Ball 1-0: SINGLE (Flyball, 9LM) | Batting: RHB Nathan Smith | 0-0: Called Strike Cameron Irwin steals 2nd base 0-1: SINGLE (Groundball, 6D) Cameron Irwin to third Runner from 3rd tries for Home, SAFE, no throw | Batting: RHB Chris Hall | 0-0: Ball Nathan Smith steals 2nd base | Pinch Runner at 2nd Manuel Félix: | 1-0: Called Strike 1-1: Ball 2-1: Swinging Strike 2-2: Foul Ball, location: 2F 2-2: Ball 3-2: Foul Ball, location: 2F 3-2: Strikes out looking | Batting: RHB Marshall Gross | 0-0: Ball 1-0: Called Strike 1-1: Foul Ball, location: 2F 1-2: Foul Ball, location: 2F 1-2: SINGLE (Groundball, 3D) Manuel Félix to third Runner from 3rd tries for Home, throw and OUT! | Batting: RHB Ed Fuhrman | 0-0: Ball 1-0: Ball 2-0: Ball 3-0: Called Strike 3-1: Foul Ball, location: 2F 3-2: Strikes out looking | Top of the 1st over - 1 run, 3 hits, 0 errors, 1 left on base; Beaverton 1 - Montgomery 0 | BOTTOM OF THE 1ST |
---|
Montgomery Grey Sox batting - Pitching for Beaverton Bronze Souls : RHP Arturo García | Pitching: RHP Arturo García | | Now in LF: Manuel Félix | | Batting: LHB Salvador López | 0-0: Ball 1-0: Called Strike 1-1: Ball 2-1: Fly out, F7 (Flyball, 7LS) | Batting: RHB Jon Bush | 0-0: SINGLE (Groundball, 4S) (infield hit) | Batting: RHB Pedro Castro | 0-0: Ball 1-0: Ball 2-0: Fly out, F4 (Popup, 4MD) | Batting: SHB Randy Anderson | 0-0: Swinging Strike 0-1: SINGLE (Groundball, 4MD) Jon Bush to second | Batting: RHB Glen MacDonald | 0-0: Swinging Strike 0-1: Swinging Strike 0-2: Ball 1-2: Foul Ball, location: 2F 1-2: Strikes out looking | Bottom of the 1st over - 0 runs, 2 hits, 0 errors, 2 left on base; Beaverton 1 - Montgomery 0 | TOP OF THE 2ND |
---|
Beaverton Bronze Souls batting - Pitching for Montgomery Grey Sox : RHP Cody Nichols | Batting: LHB Alonso Contreras | 0-0: Called Strike 0-1: Ball 1-1: Ball 2-1: Called Strike 2-2: Strikes out looking | Batting: RHB Rubén Ramírez | 0-0: Fly out, F3 (Line Drive, 34) | Batting: LHB Jonathan Belisle | 0-0: Foul Ball, location: 2F 0-1: Swinging Strike 0-2: Ball 1-2: Strikes out swinging | Top of the 2nd over - 0 runs, 0 hits, 0 errors, 0 left on base; Beaverton 1 - Montgomery 0 | BOTTOM OF THE 2ND |
---|
Montgomery Grey Sox batting - Pitching for Beaverton Bronze Souls : RHP Arturo García | Batting: RHB Bobby Hulsey | 0-0: Ball 1-0: Fly out, F9 (Flyball, 9S) | Batting: LHB Francisco Romo | 0-0: Foul Ball, location: 2F 0-1: Called Strike 0-2: Ball 1-2: Foul Ball, location: 2F 1-2: Ball 2-2: SINGLE (Groundball, 56S) (infield hit) | Batting: RHB Luis Pineda | 0-0: Ball 1-0: Called Strike 1-1: Ball 2-1: Foul Ball, location: 2F 2-2: Ball 3-2: Foul Ball, location: 2F 3-2: SINGLE (Groundball, 56S) (infield hit) Francisco Romo to second | Batting: RHB António Nevárez | 0-0: Ball 1-0: Ball 2-0: Ball 3-0: Base on Balls Francisco Romo to third Luis Pineda to second | Batting: LHB Salvador López | 0-0: Called Strike 0-1: Reached on error, E3 (Groundball, 23) Francisco Romo scores Luis Pineda scores António Nevárez to third | Batting: RHB Jon Bush | 0-0: Swinging Strike 0-1: Ball 1-1: Foul Ball, location: 2F 1-2: Foul Ball, location: 2F 1-2: Strikes out looking | Batting: RHB Pedro Castro | 0-0: Ball 1-0: DOUBLE (Flyball, 8RXD) António Nevárez scores Salvador López scores | Batting: SHB Randy Anderson | 0-0: Ball 1-0: Called Strike 1-1: Ball 2-1: Foul Ball, location: 2F 2-2: Ball 3-2: Foul Ball, location: 2F 3-2: Base on Balls | Batting: RHB Glen MacDonald | 0-0: Foul Ball, location: 2F 0-1: Foul Ball, location: 2F 0-2: Ball 1-2: Ball 2-2: Ball 3-2: Foul Ball, location: 2F 3-2: Base on Balls Pedro Castro to third Randy Anderson to second | Batting: RHB Bobby Hulsey | 0-0: Ball 1-0: Ball 2-0: Ball Wild Pitch! Pedro Castro scores Randy Anderson to third Glen MacDonald to second 3-0: Base on Balls | Batting: LHB Francisco Romo | 0-0: Swinging Strike 0-1: Ball 1-1: Ball 2-1: Foul Ball, location: 2F 2-2: Ball 3-2: Reached on error, E4 (Groundball, 4) Randy Anderson scores Glen MacDonald to third Bobby Hulsey to second | Batting: RHB Luis Pineda | 0-0: Ball 1-0: Foul Ball, location: 2F 1-1: Foul Ball, location: 2F 1-2: Ball 2-2: Reached via error on a dropped throw, E4 Glen MacDonald scores Bobby Hulsey to third Francisco Romo to second | Batting: RHB António Nevárez | 0-0: Ball 1-0: Ball 2-0: Ball 3-0: Base on Balls Bobby Hulsey scores Francisco Romo to third Luis Pineda to second | Batting: LHB Salvador López | 0-0: Called Strike 0-1: Ground out U3 (Groundball, 3S) | Bottom of the 2nd over - 8 runs, 3 hits, 3 errors, 3 left on base; Beaverton 1 - Montgomery 8 | TOP OF THE 3RD |
---|
Beaverton Bronze Souls batting - Pitching for Montgomery Grey Sox : RHP Cody Nichols | Batting: RHB Carlos Carrillo | 0-0: Called Strike 0-1: Ball 1-1: Ball 2-1: Foul Ball, location: 2F 2-2: Strikes out swinging | Batting: RHB Cameron Irwin | 0-0: Ball 1-0: Called Strike 1-1: Foul Ball, location: 2F 1-2: Ball 2-2: Strikes out swinging | Batting: LHB Manuel Félix | 0-0: Ball 1-0: Swinging Strike 1-1: Ball 2-1: DOUBLE (Groundball, 3L) | Batting: RHB Chris Hall | 0-0: DOUBLE (Line Drive, 9D) Manuel Félix scores | Batting: RHB Marshall Gross | 0-0: Ball Wild Pitch! Chris Hall to third 1-0: Ball 2-0: Called Strike 2-1: Foul Ball, location: 2F 2-2: Ground out 5-3 (Groundball, 56) | Top of the 3rd over - 1 run, 2 hits, 0 errors, 1 left on base; Beaverton 2 - Montgomery 8 | BOTTOM OF THE 3RD |
---|
Montgomery Grey Sox batting - Pitching for Beaverton Bronze Souls : RHP Arturo García | Pitching: LHP Reynaldo Vázquez | | Batting: RHB Jon Bush | 0-0: Called Strike 0-1: Fly out, F5 (Line Drive, 5) | Batting: RHB Pedro Castro | 0-0: Ground out 5-3 (Groundball, 5) | Batting: SHB Randy Anderson | 0-0: Called Strike 0-1: Foul Ball, location: 2F 0-2: SINGLE (Line Drive, 34D) | Batting: RHB Glen MacDonald | 0-0: Foul Ball, location: 2F 0-1: Swinging Strike 0-2: SINGLE (Line Drive, 6MD) Randy Anderson to second | Batting: RHB Bobby Hulsey | 0-0: Ball 1-0: Ball 2-0: Ball 3-0: Base on Balls Randy Anderson to third Glen MacDonald to second | Batting: LHB Francisco Romo | 0-0: Ball 1-0: Foul Ball, location: 2F 1-1: Ball 2-1: Ball 3-1: Swinging Strike 3-2: Base on Balls Randy Anderson scores Glen MacDonald to third Bobby Hulsey to second | Batting: RHB Luis Pineda | 0-0: Ball 1-0: Fielders Choice at 2nd, 6-4 (Groundball, 6) | Bottom of the 3rd over - 1 run, 2 hits, 0 errors, 3 left on base; Beaverton 2 - Montgomery 9 | TOP OF THE 4TH |
---|
Beaverton Bronze Souls batting - Pitching for Montgomery Grey Sox : RHP Cody Nichols | Batting: RHB Ed Fuhrman | 0-0: Ball 1-0: Called Strike 1-1: Swinging Strike 1-2: Ground out 5-3 (Groundball, 56S) | Batting: LHB Alonso Contreras | 0-0: Called Strike 0-1: Ball 1-1: Ball 2-1: Foul Ball, location: 2F 2-2: Ball 3-2: Foul Ball, location: 2F 3-2: Strikes out looking | Batting: RHB Rubén Ramírez | 0-0: Called Strike 0-1: Ball 1-1: Ground out 6-3 (Groundball, 56) | Top of the 4th over - 0 runs, 0 hits, 0 errors, 0 left on base; Beaverton 2 - Montgomery 9 | BOTTOM OF THE 4TH |
---|
Montgomery Grey Sox batting - Pitching for Beaverton Bronze Souls : LHP Reynaldo Vázquez | Batting: RHB António Nevárez | 0-0: Called Strike 0-1: Ball 1-1: Ball 2-1: Fly out, F3 (Line Drive, 3L) | Batting: LHB Salvador López | 0-0: Called Strike 0-1: Foul Ball, location: 2F 0-2: Ground out 3-1 (Groundball, 34S) | Batting: RHB Jon Bush | 0-0: Called Strike 0-1: Ball 1-1: Ground out 6-3 (Groundball, 6) | Bottom of the 4th over - 0 runs, 0 hits, 0 errors, 0 left on base; Beaverton 2 - Montgomery 9 | TOP OF THE 5TH |
---|
Beaverton Bronze Souls batting - Pitching for Montgomery Grey Sox : RHP Cody Nichols | Batting: LHB Jonathan Belisle | 0-0: Ball 1-0: Ground out U3 (Groundball, 34S) | Batting: RHB Carlos Carrillo | 0-0: Called Strike 0-1: Ball 1-1: Called Strike 1-2: Ball 2-2: Foul Ball, location: 2F 2-2: Foul Ball, location: 2F 2-2: SINGLE (Line Drive, 56) | Batting: RHB Cameron Irwin | 0-0: Called Strike 0-1: Ball Carlos Carrillo is caught stealing 2nd base 1-1: SINGLE (Line Drive, 56D) | Batting: LHB Manuel Félix | 0-0: Ball 1-0: DOUBLE (Flyball, 78D) Cameron Irwin to third Runner from 3rd tries for Home, SAFE, no throw | Batting: RHB Chris Hall | 0-0: Foul Ball, location: 2F 0-1: Swinging Strike 0-2: Ball 1-2: Reached on error, E4 (Groundball, 4M) Manuel Félix to third | Batting: RHB Marshall Gross | 0-0: Ball 1-0: Ground out 4-3 (Groundball, 4M) | Top of the 5th over - 1 run, 3 hits, 1 error, 2 left on base; Beaverton 3 - Montgomery 9 | BOTTOM OF THE 5TH |
---|
Montgomery Grey Sox batting - Pitching for Beaverton Bronze Souls : LHP Reynaldo Vázquez | Batting: RHB Pedro Castro | 0-0: Ball 1-0: Foul Ball, location: 2F 1-1: Ball 2-1: Fly out, F7 (Flyball, 7S) | Batting: SHB Randy Anderson | 0-0: Called Strike 0-1: Swinging Strike 0-2: Ball 1-2: SINGLE (Line Drive, 8RS) | Batting: RHB Glen MacDonald | 0-0: Ball Randy Anderson is caught stealing 2nd base 1-0: Ball 2-0: Called Strike 2-1: Ball 3-1: Base on Balls | Batting: RHB Bobby Hulsey | 0-0: Ball 1-0: Foul Ball, location: 2F 1-1: Ball 2-1: Fielders Choice at 2nd, 6-4 (Groundball, 6) | Bottom of the 5th over - 0 runs, 1 hit, 0 errors, 1 left on base; Beaverton 3 - Montgomery 9 | TOP OF THE 6TH |
---|
Beaverton Bronze Souls batting - Pitching for Montgomery Grey Sox : RHP Cody Nichols | Batting: RHB Ed Fuhrman | 0-0: Foul Ball, location: 2F 0-1: Ball 1-1: Foul Ball, location: 2F 1-2: Ball 2-2: Strikes out swinging | Batting: LHB Alonso Contreras | 0-0: Ball 1-0: Ball 2-0: Called Strike 2-1: SINGLE (Line Drive, 34D) | Batting: RHB Rubén Ramírez | 0-0: SINGLE (Groundball, 6MS) (infield hit) Alonso Contreras to second | Batting: LHB Jonathan Belisle | 0-0: Called Strike 0-1: Ball 1-1: Swinging Strike 1-2: Ball 2-2: SINGLE (Line Drive, 8RS) Alonso Contreras to third Rubén Ramírez to second Runner from 3rd tries for Home, SAFE, throw made home | Pitching: LHP Pedro Santos | | Batting: RHB Carlos Carrillo | 0-0: Called Strike 0-1: Called Strike 0-2: Strikes out looking | Batting: RHB Cameron Irwin | 0-0: Ball 1-0: Fly out, F9 (Flyball, 9S) | Top of the 6th over - 1 run, 3 hits, 0 errors, 2 left on base; Beaverton 4 - Montgomery 9 | BOTTOM OF THE 6TH |
---|
Montgomery Grey Sox batting - Pitching for Beaverton Bronze Souls : LHP Reynaldo Vázquez | Batting: LHB Francisco Romo | 0-0: Ball 1-0: Called Strike 1-1: Ball 2-1: Foul Ball, location: 2F 2-2: DOUBLE (Line Drive, 3D) | Batting: RHB Luis Pineda | 0-0: Foul Ball, location: 2F 0-1: Ball 1-1: Fly out, F3 (Popup, 23F) | Pitching: RHP Pepe Torres | | Batting: RHB António Nevárez | 0-0: Called Strike 0-1: Ball 1-1: Ground out 5-3 (Groundball, 56) | Batting: LHB Salvador López | 0-0: Called Strike 0-1: Foul Ball, location: 2F 0-2: Foul Ball, location: 2F 0-2: Ball 1-2: Ball 2-2: Foul Ball, location: 2F 2-2: Ball 3-2: Base on Balls | Batting: RHB Jon Bush | 0-0: Called Strike 0-1: Fly out, F8 (Flyball, 8RS) | Bottom of the 6th over - 0 runs, 1 hit, 0 errors, 2 left on base; Beaverton 4 - Montgomery 9 | TOP OF THE 7TH |
---|
Beaverton Bronze Souls batting - Pitching for Montgomery Grey Sox : LHP Pedro Santos | Batting: LHB Manuel Félix | 0-0: Swinging Strike 0-1: Ball 1-1: Foul Ball, location: 2F 1-2: Strikes out looking | Batting: RHB Chris Hall | 0-0: Called Strike 0-1: Ball 1-1: Foul Ball, location: 2F 1-2: Strikes out swinging, 2-3 out at first. | Batting: RHB Marshall Gross | 0-0: Foul Ball, location: 2F 0-1: Foul Ball, location: 2F 0-2: Strikes out looking | Top of the 7th over - 0 runs, 0 hits, 0 errors, 0 left on base; Beaverton 4 - Montgomery 9 | BOTTOM OF THE 7TH |
---|
Montgomery Grey Sox batting - Pitching for Beaverton Bronze Souls : RHP Pepe Torres | Batting: RHB Pedro Castro | 0-0: Ball 1-0: Called Strike 1-1: Swinging Strike 1-2: Foul Ball, location: 2F 1-2: Strikes out looking | Batting: SHB Randy Anderson | 0-0: SINGLE (Groundball, P) (infield hit) | Batting: RHB Glen MacDonald | 0-0: Ball 1-0: Called Strike 1-1: Swinging Strike 1-2: Ball Randy Anderson is caught stealing 2nd base 2-2: Ball 3-2: Fly out, F9 (Line Drive, 89M) | Bottom of the 7th over - 0 runs, 1 hit, 0 errors, 0 left on base; Beaverton 4 - Montgomery 9 | TOP OF THE 8TH |
---|
Beaverton Bronze Souls batting - Pitching for Montgomery Grey Sox : LHP Pedro Santos | Now at C: Ben White | | Batting: RHB Ed Fuhrman | 0-0: Ball 1-0: Foul Ball, location: 2F 1-1: Ball 2-1: SINGLE (Groundball, 6MD) | Batting: LHB Alonso Contreras | 0-0: Called Strike 0-1: Foul Ball, location: 2F 0-2: Foul Ball, location: 2F 0-2: Foul Ball, location: 2F 0-2: Ball 1-2: Ball 2-2: Foul Ball, location: 2F 2-2: Foul Ball, location: 2F 2-2: Ball 3-2: SINGLE (Groundball, 3D) Ed Fuhrman to second Runner from 2nd tries for 3rd, SAFE, throw made to third | Batting: RHB Rubén Ramírez | 0-0: Called Strike 0-1: Ball 1-1: Foul Ball, location: 2F 1-2: Foul Ball, location: 2F 1-2: Foul Ball, location: 2F 1-2: Fly out, F9 (Line Drive, 9S) | Batting: LHB Jonathan Belisle | 0-0: Ball 1-0: Ball 2-0: Called Strike 2-1: Swinging Strike 2-2: Ball 3-2: Strikes out swinging | Batting: RHB Carlos Carrillo | 0-0: Ball 1-0: Ball 2-0: Ball 3-0: Swinging Strike 3-1: Base on Balls Alonso Contreras to second | Batting: RHB Cameron Irwin | 0-0: SINGLE (Flyball, 7S) Ed Fuhrman scores Alonso Contreras to third Carlos Carrillo to second Runner from 3rd tries for Home, SAFE, throw made home | Batting: LHB Manuel Félix | 0-0: Ground out 4-3 (Groundball, 4) | Top of the 8th over - 2 runs, 3 hits, 0 errors, 2 left on base; Beaverton 6 - Montgomery 9 | BOTTOM OF THE 8TH |
---|
Montgomery Grey Sox batting - Pitching for Beaverton Bronze Souls : RHP Pepe Torres | Batting: RHB Bobby Hulsey | 0-0: Called Strike 0-1: Ball 1-1: Ball 2-1: Fly out, F4 (Popup, 34S) | Batting: LHB Francisco Romo | 0-0: Called Strike 0-1: Swinging Strike 0-2: Strikes out looking | Batting: RHB Luis Pineda | 0-0: Ball 1-0: Ball 2-0: Called Strike 2-1: Ball 3-1: Fly out, F7 (Flyball, 7S) | Bottom of the 8th over - 0 runs, 0 hits, 0 errors, 0 left on base; Beaverton 6 - Montgomery 9 | TOP OF THE 9TH |
---|
Beaverton Bronze Souls batting - Pitching for Montgomery Grey Sox : LHP Pedro Santos | Pitching: RHP Mark Phillips | | Batting: RHB Chris Hall | 0-0: Foul Ball, location: 2F 0-1: Ball 1-1: Foul Ball, location: 2F 1-2: Strikes out looking | Batting: RHB Marshall Gross | 0-0: Called Strike 0-1: Fly out, F2 (Popup, 23F) | Batting: RHB Ed Fuhrman | 0-0: Foul Ball, location: 2F 0-1: Ball 1-1: Foul Ball, location: 2F 1-2: Ball 2-2: Strikes out swinging | Top of the 9th over - 0 runs, 0 hits, 0 errors, 0 left on base; Beaverton 6 - Montgomery 9 | |